 Dungeon Crawl Stone Soup version 0.19-a0 (webtiles) character file.

438 barb4r1an the Changer (level 6, -1/50 HPs)
             Began as a Draconian Transmuter on Apr 27, 2016.
             Slain by a phantom (7 damage)
             ... on level 4 of the Dungeon.
             The game lasted 00:08:35 (4525 turns).

barb4r1an the Changer (Draconian Transmuter)        Turns: 4525, Time: 00:08:36

Health: -1/50      AC:  6    Str: 12    XL:     6   Next: 69%
Magic:  12/12      EV: 12    Int: 16    God:
Gold:   194        SH:  0    Dex: 11    Spells: 4 memorised, 3 levels left

rFire  x . .     SeeInvis .       - Unarmed
rCold  + . .     Gourm    .     (armour unavailable)
rNeg   . . .     Faith    .     (no shield)
rPois  .         Spirit   .     (helmet restricted)
rElec  .         Dismiss  .     (no cloak)
rCorr  .         Reflect  .     (no gloves)
SustAt .         Harm     .     (no boots)
MR     .....                    (no amulet)
Stlth  +.........               (no ring)
                                m - ring of ice

@: not resistant to hostile enchantments, very unstealthy
A: unfitting armour, cold-blooded, AC +6
a: no special abilities


You were on level 4 of the Dungeon.
You were not hungry.

You visited 2 branches of the dungeon, and saw 5 of its levels.

You collected 194 gold pieces.

Inventory:

Missiles
 a - 12 arrows
Jewellery
 m - a ring of ice (left hand)
Scrolls
 d - 2 scrolls of remove curse {unknown}
 e - a scroll of fear {unknown}
 i - a scroll of amnesia {unknown}
 k - a scroll of recharging {unknown}
 n - a scroll of teleportation {unknown}
 p - a scroll of enchant weapon {unknown}
 q - a scroll of blinking {unknown}
 r - a scroll of enchant armour {unknown}
 s - 2 scrolls of identify {unknown}
Potions
 f - a potion of haste {unknown}
 g - a potion of resistance {unknown}
 h - 2 potions of mutation {unknown}
 j - 3 potions of lignification {unknown}
 l - a potion of flight {unknown}
 o - 2 potions of curing
 t - a potion of degeneration {unknown}
 u - 3 potions of brilliance {unknown}
 v - a potion of cancellation {unknown}
Books
 b - a book of Changes

   Spells                             Type                      Level
   a - Beastly Appendage              Transmutation                1
   b - Sticks to Snakes               Transmutation                2
   c - Spider Form                    Transmutation/Poison         3
   d - Ice Form                       Ice/Transmutation            4
   e - Blade Hands                    Transmutation                5
Comestibles
 c - 2 bread rations


   Skills:
 + Level 2.5 Fighting
 + Level 2.5 Dodging
 + Level 3.8 Unarmed Combat
 + Level 4.1 Spellcasting
 + Level 4.5 Transmutations


You had 3 spell levels left.
You knew the following spells:

 Your Spells              Type           Power        Failure   Level  Hunger
a - Beastly Appendage     Trmt           ###...       2%          1    None
b - Sticks to Snakes      Trmt           ###.....     4%          2    ##.....
c - Spider Form           Trmt/Pois      ##........   21%         3    ###....
d - Ice Form              Ice/Trmt       ###.....     75%         4    ####...


Dungeon Overview and Level Annotations

Branches:
Dungeon (4/15)             Temple (1/1) D:4

Altars:
Elyvilon
Fedhas
Gozag
Makhleb
Okawaru
Qazlal
Yredelemnul
The Shining One
Lugonu

Shops:
D:4 }


Innate Abilities, Weirdness & Mutations

Your plain brown scales are hard (AC +6).
Your body does not fit into most forms of armour.
You are cold-blooded and may be slowed by cold attacks.


Message History

The phantom is severely damaged.
The phantom misses you.
You hit the phantom but do no damage.
The phantom is severely damaged.
The orc hits you with a dagger.
The phantom blinks!
You barely miss the orc. The orc hits you with a dagger.
* * * LOW HITPOINT WARNING * * *
You are too injured to fight recklessly!
You hit the orc but do no damage.
The orc is poisoned.
The orc hits you with a dagger.
* * * LOW HITPOINT WARNING * * *
You barely miss the orc. The orc closely misses you. The phantom hits you!
* * * LOW HITPOINT WARNING * * *
The phantom blinks!
You hit the orc but do no damage.
The orc looks even sicker.
The orc barely misses you.
Your transformation has ended.
You kill the orc!
The phantom hits you!
You die...

##.##.###.###..รท.......#
#.#.# ##..(.####..####
##..# ##.######.## ...
#)....##.# .##.#
##.###.##.# #.# ##...#
.##.# #.###.##.##.##.#
#.#####.............#
.>.......#..#@..#..##
.........#..W#.#..####
.........##..W>.......
..######.##..#)#..#### #
#.##.#...#.# #.##.......#
#.########## .#


You could see a phantom.

Vanquished Creatures
  2 orc wizards (D:3)
  An iguana (D:4)
  4 worker ants (D:4)
  Natasha (thrice) (D:2)
  4 gnolls (D:4)
  4 adders
  An ooze (D:2)
  An adder skeleton (D:4)
  A worm (D:2)
  3 dart slugs
  A giant gecko (D:3)
  6 orcs
  A ball python (D:2)
  5 bats
  4 giant cockroaches
  6 goblins
  12 hobgoblins
  10 jackals
  8 kobolds
  3 giant newts
  12 rats
  A demonic plant (Temple)
93 creatures vanquished.

Notes
Turn   | Place    | Note
--------------------------------------------------------------
     0 | D:1      | barb4r1an the Draconian Transmuter began the quest for the Orb.
     0 | D:1      | Reached XP level 1. HP: 16/16 MP: 3/3
   189 | D:1      | Reached XP level 2. HP: 17/23 MP: 5/5
  1003 | D:1      | Learned a level 2 spell: Sticks to Snakes
  1207 | D:2      | Noticed Natasha
  1223 | D:2      | Noticed a crimson imp
  1255 | D:2      | Reached XP level 3. HP: 26/28 MP: 7/7
  1279 | D:1      | Learned a level 3 spell: Spider Form
  1287 | D:2      | Killed Natasha
  1443 | D:2      | Noticed Natasha
  1452 | D:2      | Killed Natasha
  1452 | D:2      | Reached XP level 4. HP: 20/35 MP: 1/8
  1726 | D:2      | Noticed Natasha
  1726 | D:2      | Found an opulent altar of Gozag.
  1735 | D:2      | Killed Natasha
  2237 | D:2      | Reached XP level 5. HP: 40/40 MP: 8/10
  3461 | D:3      | Learned a level 4 spell: Ice Form
  3462 | D:4      | Found Ugicvih's Gadget Boutique.
  3473 | D:4      | Reached XP level 6. HP: 48/48 MP: 2/11
  3724 | D:4      | Found a blossoming altar of Fedhas.
  4032 | D:4      | HP: 2/50 [worker ant (5)]
  4362 | D:4      | Found a staircase to the Ecumenical Temple.
  4396 | Temple   | Entered the Ecumenical Temple
  4525 | D:4      | Slain by a phantom

Vault maps used:
D:1:      minmay_arrival_four_circles
D:2:      first_bread, grunt_ministairs_7, grunt_gozag_breadcrumbs, uniq_natasha
D:4:      cheibriados_altar_1, lemuel_doored_altar,
          minmay_temple_entry_crystal_x, lightli_sewer_entry_pipes,
          serial_shops, shop, roderic_roman_lattice, kennysheep_generic_room_12,
          uniq_sigmund
Temple:   corrupted_temple

Skill      XL: |  1  2  3  4  5  6 |
---------------+-------------------+-----
Spellcasting   | 3 4 |  4.1
Transmutations | 3 4 |  4.5
Dodging        | 2 |  2.5
Fighting       | 2 |  2.5
Unarmed Combat | |  3.8

Action                   |  1- 3 |  4- 6 || total
-------------------------+-------+-------++-------
Melee: Unarmed           |   139 |   344 ||   483
       Tailslap          |     7 |    25 ||    32
       Kick              |       |     7 ||     7
       Punch             |       |     2 ||     2
 Cast: Spider Form       |     2 |    12 ||    14
       Beastly Appendage |       |     4 ||     4
 Stab: Sleeping          |     1 |       ||     1
  Eat: Chunk             |     2 |     5 ||     7
       Bread ration      |       |     2 ||     2
Armor: Skin              |    32 |    63 ||    95
Dodge: Dodged            |   117 |   253 ||   370
